 Dungeon Sprint DCSS version 0.31.0-11-ge490571c62 (webtiles) character file.

Game seed: 4459993087219101951

293 DiggyJ the Grappler (level 6, -6/44 HPs)
             Began as a Gargoyle Monk on Jan 31, 2024.
             Was a Believer of Cheibriados.
             Mangled by a two-headed ogre
             ... wielding a +0 dire flail
              (21 damage)
             ... in the Dungeon (Sprint IX: "|||||||||||||||||||||||||||||").
             The game lasted 00:01:55 (163 turns).

DiggyJ the Grappler (Gargoyle Monk)                  Turns: 163, Time: 00:01:56

Health: -6/44      AC:  9    Str: 25    XL:     6   Next: 33%
Magic:  6/6        EV: 15    Int: 15    God:    Cheibriados [**....]
Gold:   0          SH:  0    Dex: 17    Spells: 5/5 levels left

rFire   . .          .
                       - Unarmed
rCold   . . .        (no shield)
rNeg    + . .        a - +0 robe
rPois   ∞            (no helmet)
rElec   +            (no cloak)
rCorr   .            (no gloves)
SInv    .            l - +0 pair of boots
Will    .....        (no amulet)
Stlth   ++           o - +2 ring of protection
HPRegen 0.27/turn    p - +3 ring of strength
MPRegen 0.10/turn

%: no teleportation
@: very slow
A: sickness immunity, AC +4, negative energy resistance 1, electricity
resistance, torment resistance 1, petrification resistance
a: Renounce Religion, Bend Time


You were in the Dungeon.
You worshipped Cheibriados.
Cheibriados was pleased with you.
You visited 1 branch

Inventory:

Armour
 a - a +0 robe (worn)
 c - an orb of light
 l - a +0 pair of boots (worn)
 m - a +0 pair of boots
 n - a +2 ring mail
Jewellery
 o - a +2 ring of protection (left hand)
 p - a +3 ring of strength (right hand)
Wands
 k - a wand of light (10)
Scrolls
 i - 2 scrolls of blinking
 j - 2 scrolls of amnesia
Potions
 b - a potion of ambrosia
 d - 5 potions of curing
 e - 3 potions of heal wounds
 f - a potion of haste
 g - 4 potions of magic
 h - a potion of invisibility


   Skills:
 + Level 8.0 Fighting
 + Level 6.4 Dodging
 + Level 8.9 Unarmed Combat


You had 5 spell levels left.
You didn't know any spells.
Your spell library was empty.

Dungeon Overview and Level Annotations

Branches:
Dungeon (1/1)

Altars:
Cheibriados
Dithmenos
Elyvilon
Fedhas
Gozag
Hepliaklqana
Kikubaaqudgha
Makhleb
Nemelex Xobeh
Okawaru
Qazlal
Ru
Sif Muna
Trog
Uskayaw
Vehumet
Wu Jian
Xom
Yredelemnul
Zin
The Shining One
Jiyva
Lugonu


Innate Abilities, Weirdness & Mutations

You are immune to sickness and miasma.
Your stone body is resilient. (AC +4)
You are immune to poison.
You resist negative energy. (rN+)
You are resistant to electric shocks. (rElec)
You are resistant to unholy torment.
You are immune to petrification.


Message History

You destroy the wight!
Cheibriados appreciates the change of pace.
Your Fighting skill increases to level 7!
You barely miss the orc warrior.
You hit the orc warrior but do no damage.
You punch the orc warrior, but do no damage.
The orc warrior misses you.
You hit the orc warrior but do no damage.
The orc warrior hits you with a +0 scimitar.
You hit the orc warrior but do no damage.
The orc warrior hits you with a +0 scimitar!
You punch the orc warrior!
The orc warrior is moderately wounded.
The orc warrior barely misses you.
You hit the orc warrior. Your punch misses the orc warrior.
The orc warrior is heavily wounded.
The orc warrior barely misses you.
You closely miss the orc warrior.
The orc warrior is heavily wounded.
You punch the orc warrior!
The orc warrior is almost dead.
The orc warrior closely misses you.
You barely miss the orc warrior.
The orc warrior is almost dead.
The orc warrior hits you but does no damage.
You hit the orc warrior.
You punch the orc warrior, but do no damage.
The orc warrior is almost dead.
The orc warrior hits you with a +0 scimitar.
You punch the orc warrior!
You kill the orc warrior!
Cheibriados appreciates the change of pace.
Cheibriados raises the support of your attributes as your movement slows.
Your Fighting skill increases to level 8!
Your Dodging skill increases to level 6!
Your Unarmed Combat skill increases to level 8!
You have reached level 6!
You barely miss the two-headed ogre.
The two-headed ogre hits you with a +0 dire flail!!
You die...

▓.▓
▓.▓
▓)▓
▓.▓
▓.▓
▓.▓
▓.▓
▓.▓
▓@▓
▓O▓
▓Y▓
▓D▓
▓.▓
▓W▓
▓.▓
▓.▓


You could see a two-headed ogre, a yak, a wraith and an acid dragon.

Vanquished Creatures
  An orc warrior (D)
  An ogre (D)
  A wight (D)
  A jelly (D)
  A gnoll (D)
  2 white imps (D)
  A ball python (D)
  A goblin (D)
  A hobgoblin (D)
  A kobold (D)
  A rat (D)
12 creatures vanquished.

Notes
Turn   | Place    | Note
-------+----------+-------------------------------------------
     0 | D        | DiggyJ the Gargoyle Monk began the quest for the Orb.
     0 | D        | Reached XP level 1. HP: 14/14 MP: 1/1
    60 | D        | Noticed an ogre
    60 | D        | Noticed a jelly
    66 | D        | Reached XP level 2. HP: 2/20 MP: 2/2
    75 | D        | Killed an ogre
    76 | D        | Reached XP level 3. HP: 7/27 MP: 3/3
    76 | D        | Reached XP level 4. HP: 8/32 MP: 4/4
    80 | D        | Reached skill level 5 in Dodging
    80 | D        | Reached XP level 5. HP: 7/37 MP: 5/5
    88 | D        | Found a snail-covered altar of Cheibriados.
    88 | D        | Found a shadowy altar of Dithmenos.
    88 | D        | Found a white marble altar of Elyvilon.
    88 | D        | Found a blossoming altar of Fedhas.
    88 | D        | Found an opulent altar of Gozag.
    89 | D        | Found a hazy altar of Hepliaklqana.
    90 | D        | Found a viscous altar of Jiyva.
    91 | D        | Found an ancient bone altar of Kikubaaqudgha.
    92 | D        | Found a corrupted altar of Lugonu.
    93 | D        | Found a burning altar of Makhleb.
    94 | D        | Found a sparkling altar of Nemelex Xobeh.
    98 | D        | Became a worshipper of Cheibriados the Contemplative
    98 | D        | Reached * piety under Cheibriados
    98 | D        | Reached ** piety under Cheibriados
   102 | D        | Found an iron altar of Okawaru.
   103 | D        | Found a stormy altar of Qazlal.
   104 | D        | Found a sacrificial altar of Ru.
   105 | D        | Found a shimmering blue altar of Sif Muna.
   106 | D        | Found a bloodstained altar of Trog.
   107 | D        | Found a hide-covered altar of Uskayaw.
   108 | D        | Found a radiant altar of Vehumet.
   109 | D        | Found an ornate altar of the Wu Jian Council.
   110 | D        | Found a shimmering altar of Xom.
   111 | D        | Found a basalt altar of Yredelemnul.
   112 | D        | Found a glowing silver altar of Zin.
   113 | D        | Found a glowing golden altar of the Shining One.
   147 | D        | Noticed an orc warrior
   147 | D        | Noticed a yak
   147 | D        | Noticed an acid dragon
   147 | D        | Noticed a two-headed ogre
   147 | D        | Noticed a wraith
   162 | D        | Killed an orc warrior
   163 | D        | Reached XP level 6. HP: 15/44 MP: 6/6
   163 | D        | Mangled by a two-headed ogre

Illustrated notes

Levels and vault maps discovered:
D:        linesprint [early_d, line_temple, items_1, d_10, items_2, lair_1,
          lair_end, items_3, orc_1, orc_end, items_4, d_15, swamp_1, shoals_1,
          snake_1, spider_1, d_20, vaults_1, items_5, swamp_end, shoals_end,
          snake_end, spider_end, vaults_end, d_27, items_6, zot_1, zot_end,
          crypt_end, forest_end, elf_end, slime_end, tomb_end, abyss_end,
          pan_hell_end]

Skill      XL: |  1  2  3  4  5 |
---------------+----------------+-----
Fighting       | 4 6 8 |  8.0
Dodging        | 3 4 5 6 |  6.4
Unarmed Combat | 4 6 8 |  8.9

Action                     |  1- 3 |  4- 6 || total
---------------------------+-------+-------++-------
  Melee: Unarmed           |    24 |    23 ||    47
         Punch             |     2 |     2 ||     4
    Use: Potion            |     1 |       ||     1
 Armour: Robe              |    11 |     6 ||    17
  Dodge: Dodged            |    17 |    10 ||    27
